Map: 暮色之塔

Players

Quail

  • Race: Protoss Protoss
  • League: Diamond

GDUTer - Winner!

  • Race: Zerg Zerg
  • League: Diamond

VOD

Have the link to the VOD?

Description

Time

  • Played on: Dec. 6, 2015, 8:55 a.m.
  • Length: 8:16
Show
View Real Time Build Order
Export as new Build Order

Quail Protoss 

Build Orders: Nexus First 

Get SALT Encoding   

  12  0:01  Probe (Chrono Boost)  
  13  0:11  Probe (Chrono Boost)  
  14  0:19  Pylon  
  14  0:24  Probe (Chrono Boost)  
  15  0:39  Pylon  
  15  0:44  Probe (Chrono Boost)  
  16  0:54  Probe (Chrono Boost)  
  17  1:03  Nexus  
  18  1:11  Probe (Chrono Boost)  
  18  1:14  Assimilator  
  18  1:22  Assimilator  
  18  1:32  Gateway  
  18  1:34  Forge  
  18  1:35  Pylon  
  18  1:36  Probe (Chrono Boost)  
  18  1:50  Gateway  
  18  1:56  Gateway  
  18  1:59  Probe (Chrono Boost)  
  19  2:08  Photon Cannon  
  19  2:25  Cybernetics Core  
  19  2:30  Photon Cannon  
  19  2:41  Probe  
  20  3:05  Nexus  
  20  3:18  Robotics Facility  
  20  3:21  Probe  
  21  3:33  Probe  
  22  3:45  Probe  
  23  3:50  Adept (Chrono Boost)  
  23  3:53  Adept x2 (Chrono Boost), Warp Gate (Chrono Boost)  
  29  3:58  Probe  
  30  4:06  Observer (Chrono Boost)  
  31  4:16  Stalker  
  33  4:19  Probe  
  33  4:20  Probe  
  35  4:25  Observer (Chrono Boost)  
  35  4:29  Probe  
  37  4:32  Probe  
  38  4:40  Probe  
  38  4:42  Warp Prism (Chrono Boost)  
  38  4:44  Probe  
  42  4:53  Probe  
  42  4:56  Probe, Pylon  
  44  5:01  Protoss Ground Weapons Level 1  
  44  5:04  Probe  
  47  5:14  Mothership Core, Probe  
  48  5:25  Stalker x2, Probe  
  53  5:33  Pylon  
  52  5:45  Robotics Bay  
  52  5:48  Probe  
  52  5:49  Probe  
  54  5:52  Immortal (Chrono Boost)  
  54  5:55  Assimilator  
  57  5:58  Probe  
  57  6:01  Probe  
  57  6:15  Probe  
  57  6:17  Probe  
  57  6:20  Assimilator  
  55  6:29  Probe  
  55  6:31  Pylon  
  60  6:34  Disruptor (Chrono Boost)  
  60  6:39  Stalker  
  61  6:44  Probe, Pylon  
  62  6:48  Probe  
  62  6:49  Stalker x2, Gateway x2  
  62  6:52  Gateway  
  67  6:54  Pylon  
  67  7:10  Disruptor (Chrono Boost)  
  67  7:15  Probe, Robotics Facility  
  70  7:17  Probe  
  72  7:34  Adept x3  
  81  8:02  Nexus  
  81  8:11  Pylon  
  78  8:13  Pylon  
Show
View Real Time Build Order
Export as new Build Order

GDUTer Zerg - Winner!

Build Orders: Pool First 

Get SALT Encoding   

  12  0:01  Drone  
  13  0:22  Spawning Pool  
  13  0:25  Drone  
  13  0:30  Drone  
  14  0:38  Overlord  
  14  0:45  Drone, Extractor  
  15  1:08  Zergling x2  
  15  1:09  Zergling x4  
  18  1:11  Queen  
  20  1:21  Zergling x2  
  21  1:41  Hatchery, Drone  
  21  1:42  Drone  
  22  1:52  Overlord  
  22  2:11  Drone  
  22  2:13  Hatchery  
  22  2:28  Drone x2  
  22  2:29  Drone x2  
  26  2:42  Queen  
  26  2:43  Extractor  
  26  2:57  Drone x4  
  30  3:02  Queen  
  32  3:10  Drone x2  
  34  3:22  Overlord  
  34  3:26  Drone x4  
  38  3:38  Roach Warren  
  37  3:41  Extractor  
  37  3:44  Drone x2  
  37  3:45  Drone x2  
  37  3:48  Metabolic Boost  
  40  3:59  Drone x3  
  40  4:01  Overlord  
  43  4:15  Drone x7  
  50  4:25  Lair  
  50  4:40  Spore Crawler, Queen  
  50  4:42  Drone x4  
  50  4:43  Drone x2  
  50  4:44  Overlord  
  57  4:47  Spore Crawler  
  57  4:49  Spore Crawler  
  55  4:56  Roach  
  57  5:02  Roach, Extractor  
  57  5:03  Roach x4  
  57  5:06  Overlord  
  66  5:16  Overlord  
  66  5:26  Overseer  
  66  5:31  Drone x7  
  66  5:32  Drone  
  66  5:35  Overlord  
  74  5:36  Extractor  
  73  5:51  Spire  
  73  5:52  Overlord x2, Extractor x2  
  73  5:53  Drone x4  
  73  5:54  Drone x2  
  75  6:09  Roach x3  
  75  6:10  Roach x2  
  84  6:34  Drone x5  
  84  6:35  Drone x5  
  94  6:41  Hatchery  
  93  6:49  Overlord x3  
  93  6:50  Glial Reconstitution  
  93  7:09  Mutalisk x7  
  107  7:23  Overlord x2, Extractor  
  107  7:24  Hatchery, Drone x4  
  107  7:25  Drone x2  
  107  7:26  Drone x2  
  107  7:27  Extractor  
  112  7:33  Evolution Chamber x2  
  110  7:45  Mutalisk  
  110  7:46  Mutalisk x5  
Tags
 
Add a new tag
Caveats
  • Supply blocks, unpowered buildings, or Contaminate may cause inaccurate times.
  • Supply counts are checked every 10 seconds.